Map: Lightshade LE

Players

ExpecT

  • Race: Terran Terran
  • Spawn Location: 11:00

Nice - Winner!

  • Race: Protoss Protoss
  • Spawn Location: 5:00

Event: DreamHack SC2 Masters 2020 Winter

VOD

Have the link to the VOD?

Description

Time

  • Played on: Oct. 21, 2020, 9:04 a.m.
  • Length: 12:42

All games in this series

Show
View Real Time Build Order
Export as new Build Order

ExpecT Terran 

Build Orders: Reaper Expand 

Get SALT Encoding   

  12  0:00  SCV  
  13  0:13  SCV  
  14  0:17  Supply Depot  
  14  0:25  SCV  
  15  0:38  SCV  
  15  0:40  Barracks  
  16  0:44  Refinery  
  16  0:50  SCV  
  17  1:03  SCV  
  18  1:15  SCV  
  19  1:28  Orbital Command  
  19  1:29  Reaper  
  20  1:49  Command Center  
  20  1:55  SCV  
  20  2:00  Supply Depot  
  21  2:07  Factory  
  21  2:11  SCV  
  22  2:18  Marine  
  23  2:23  SCV  
  23  2:26  Refinery  
  23  2:35  SCV  
  24  2:37  Barracks Reactor  
  24  2:47  SCV  
  25  2:52  Factory Tech Lab  
  25  2:57  Barracks  
  25  2:59  SCV  
  25  3:02  Orbital Command  
  26  3:11  Cyclone, SCV  
  30  3:14  Marine x2  
  32  3:20  Orbital Command  
  32  3:23  SCV  
  33  3:32  Marine x2  
  35  3:36  SCV  
  35  3:40  Barracks  
  36  3:50  SCV x2  
  36  3:51  Marine x2  
  36  3:52  Siege Tank  
  36  3:53  Barracks Tech Lab  
  43  3:59  Supply Depot  
  43  4:07  SCV x2  
  44  4:11  Marine x2  
  46  4:19  Engineering Bay  
  46  4:21  Marauder  
  48  4:24  Supply Depot  
  48  4:25  SCV x2  
  50  4:32  Siege Tank  
  53  4:39  SCV  
  53  4:44  Starport  
  54  4:46  Marine, SCV  
  54  4:50  Missile Turret  
  54  4:52  Supply Depot  
  56  4:57  Terran Infantry Weapons Level 1  
  56  4:59  SCV  
  57  5:01  SCV  
  58  5:09  Marine x2  
  58  5:11  Supply Depot  
  58  5:13  Marine x2  
  62  5:18  SCV x2  
  64  5:25  Siege Tank  
  64  5:26  Starport Reactor  
  67  5:41  Barracks Tech Lab x2  
  65  5:46  SCV x2  
  60  5:58  Bunker, Siege Tank  
  60  6:01  Marine  
  60  6:02  Marine, Marauder x2  
  69  6:08  Supply Depot x2, SCV x2  
  70  6:12  Stimpack  
  70  6:16  Refinery  
  70  6:18  Refinery  
  70  6:20  SCV x2, Marine  
  70  6:21  Marine  
  74  6:28  Marauder x2  
  74  6:30  Supply Depot  
  74  6:32  SCV x2  
  80  6:38  Missile Turret, Marine x2  
  82  6:42  Siege Tank  
  85  6:52  Supply Depot, Marauder x2  
  89  6:56  Marine x2  
  89  6:58  Missile Turret  
  89  6:59  Medivac  
  93  7:08  Terran Infantry Armor Level 1  
  93  7:10  Command Center  
  93  7:13  Marauder x2  
  93  7:14  Marine x2  
  98  7:29  Siege Tank  
  101  7:30  Barracks  
  101  7:31  Barracks  
  101  7:35  Marine x2, Marauder x2  
  107  7:44  Medivac  
  107  7:45  Supply Depot  
  107  7:47  Supply Depot  
  104  7:52  Combat Shield  
  104  7:53  Concussive Shells, Marine  
  104  7:56  Marine  
  104  7:57  Marauder x2  
  109  8:00  SCV x2  
  108  8:10  Siege Tank  
  108  8:11  Marine  
  108  8:12  Supply Depot  
  110  8:18  Medivac  
  105  8:20  SCV x2  
  105  8:25  Barracks Tech Lab, Barracks Reactor  
  107  8:27  Marauder, Marine x2  
  107  8:32  SCV x2  
  113  8:42  Siege Tank  
  113  8:44  Missile Turret, SCV x2  
  113  8:45  Missile Turret  
  118  8:50  Missile Turret  
  118  8:51  Marine x2, Marauder x2  
  124  8:58  Orbital Command  
  124  9:02  Medivac x2  
  126  9:09  Missile Turret  
  128  9:10  SCV x2, Supply Depot  
  128  9:16  Siege Tank  
  133  9:18  Marine x4  
  133  9:23  Supply Depot  
  137  9:25  Marauder x2  
  137  9:27  Marauder  
  142  9:35  SCV x3  
  142  9:36  Supply Depot  
  145  9:41  Refinery x2  
  145  9:43  Viking  
  145  9:44  Viking  
  149  9:51  Siege Tank  
  151  9:58  Marauder x3, Ghost Academy  
  157  10:00  Marine x3  
  157  10:01  Marine  
  161  10:11  Missile Turret  
  161  10:16  Viking x2  
  165  10:22  SCV x3  
  165  10:23  Siege Tank  
  170  10:29  Marauder  
  172  10:44  Command Center  
  172  10:51  Enhanced Shockwaves  
  172  10:54  Armory  
  172  10:56  Engineering Bay  
  172  11:00  Factory  
  172  11:11  Supply Depot  
  172  11:12  Marauder, Medivac x2, Siege Tank  
  181  11:25  Marauder, Marine  
  181  11:35  Supply Depot x2  
  181  11:38  Marine x3  
  181  11:39  Marauder x2  
  173  11:42  Viking x2  
  173  11:44  Siege Tank  
  173  11:47  Marauder  
  174  11:48  Marine  
  174  11:51  Factory Tech Lab  
  175  11:56  Marine x3  
  175  11:59  Ghost  
  175  12:00  Marauder  
  182  12:01  Supply Depot  
  182  12:08  Marauder  
Show
View Real Time Build Order
Export as new Build Order

Nice Protoss - Winner!

Build Orders: Blink Stalkers, Colossus Rush 

Get SALT Encoding   

  12  0:00  Probe  
  13  0:12  Probe  
  14  0:18  Pylon  
  14  0:24  Probe (Chrono Boost)  
  15  0:37  Probe (Chrono Boost)  
  15  0:39  Gateway  
  16  0:44  Probe (Chrono Boost)  
  17  0:50  Assimilator  
  17  0:52  Probe  
  18  1:04  Probe  
  19  1:16  Probe  
  20  1:26  Cybernetics Core  
  20  1:36  Probe  
  21  1:41  Pylon  
  21  1:48  Probe  
  21  1:49  Nexus  
  22  1:59  Adept (Chrono Boost)  
  22  2:02  Assimilator  
  22  2:06  Warp Gate  
  22  2:07  Probe  
  25  2:19  Probe (Chrono Boost)  
  25  2:22  Stalker  
  27  2:31  Probe (Chrono Boost)  
  28  2:39  Probe (Chrono Boost)  
  28  2:43  Twilight Council  
  29  2:45  Probe  
  31  3:01  Robotics Facility, Probe (Chrono Boost)  
  31  3:02  Probe (Chrono Boost)  
  32  3:06  Shield Battery  
  32  3:12  Probe (Chrono Boost)  
  34  3:13  Probe (Chrono Boost)  
  34  3:17  Probe (Chrono Boost)  
  35  3:22  Probe  
  35  3:23  Blink (Chrono Boost)  
  36  3:29  Probe  
  36  3:31  Pylon  
  36  3:34  Probe  
  38  3:41  Probe  
  39  3:47  Probe  
  40  3:52  Gateway  
  40  3:54  Gateway, Observer (Chrono Boost)  
  39  3:56  Stalker  
  41  4:03  Probe x2  
  43  4:10  Gateway  
  43  4:12  Warp Prism (Chrono Boost)  
  43  4:15  Pylon  
  45  4:20  Stalker  
  45  4:23  Probe  
  45  4:24  Probe  
  49  4:25  Assimilator  
  49  4:29  Pylon  
  49  4:38  Pylon  
  49  4:40  Probe  
  50  4:48  Stalker x3  
  56  4:53  Pylon  
  56  5:12  Probe x2  
  58  5:14  Assimilator, Robotics Bay  
  58  5:20  Stalker x3  
  64  5:23  Pylon  
  64  5:24  Probe x2  
  64  5:54  Charge (Chrono Boost)  
  64  5:55  Probe x2  
  64  5:56  Colossus (Chrono Boost), Nexus  
  64  5:57  Pylon  
  64  5:59  Forge  
  64  6:01  Pylon  
  64  6:07  Extended Thermal Lance  
  64  6:11  Probe x2  
  72  6:22  Gateway  
  72  6:23  Probe  
  72  6:24  Gateway  
  73  6:30  Zealot x2  
  73  6:31  Protoss Ground Weapons Level 1 (Chrono Boost)  
  77  6:35  Observer, Sentry  
  77  6:36  Sentry  
  77  6:38  Probe x2  
  83  6:52  Pylon, Zealot x2  
  87  6:55  Colossus (Chrono Boost)  
  87  6:56  Pylon  
  93  7:03  Probe x2  
  93  7:06  Shield Battery  
  95  7:11  Sentry  
  97  7:19  Zealot x4  
  105  7:26  Templar Archives  
  105  7:29  Pylon  
  105  7:30  Zealot  
  105  7:34  Shield Battery  
  107  7:40  Immortal (Chrono Boost)  
  111  7:51  Zealot x4  
  115  8:01  Zealot x2  
  111  8:17  Immortal (Chrono Boost)  
  111  8:19  Zealot x4  
  103  8:23  High Templar, Gateway  
  103  8:24  High Templar, Gateway  
  111  8:31  Archon  
  111  8:32  Probe x3  
  114  8:35  Assimilator  
  114  8:36  Assimilator, Protoss Ground Armor Level 1 (Chrono Boost)  
  114  8:44  Probe  
  117  8:54  Zealot  
  117  8:55  Zealot x3  
  123  8:59  Pylon  
  126  9:09  Warp Prism (Chrono Boost)  
  126  9:11  Gravitic Drive  
  126  9:12  Nexus, Dark Shrine  
  125  9:17  Robotics Facility  
  125  9:28  Zealot x3  
  131  9:39  Disruptor  
  131  9:43  Probe x3  
  137  9:54  High Templar x4  
  137  9:55  Probe x3  
  137  9:59  Zealot x3  
  154  10:00  Archon  
  154  10:01  Archon, Pylon  
  154  10:02  Pylon  
  154  10:03  Zealot  
  156  10:07  Probe  
  156  10:11  Gravitic Boosters  
  156  10:14  Pylon  
  157  10:17  Disruptor (Chrono Boost)  
  157  10:19  Shield Battery, Probe x2  
  162  10:26  Pylon, Disruptor (Chrono Boost)  
  162  10:33  Pylon  
  166  10:42  Probe  
  166  10:43  Probe x3  
  166  10:44  Assimilator  
  166  10:46  Assimilator  
  166  10:47  Pylon  
  172  10:50  Disruptor (Chrono Boost)  
  172  10:55  Probe  
  173  11:04  Disruptor (Chrono Boost)  
  173  11:09  Gateway  
  176  11:11  Gateway  
  176  11:14  Probe x2  
  178  11:21  Disruptor (Chrono Boost)  
  177  11:29  Nexus  
  172  11:34  Dark Templar x5  
  172  11:35  Dark Templar  
  172  11:39  Zealot x2  
  188  11:45  Disruptor  
  189  12:00  Gateway  
  189  12:02  Gateway  
  189  12:03  Gateway  
  189  12:06  Gateway, Zealot x3  
  170  12:16  Zealot x5  
Tags
 
Add a new tag
Caveats
  • Supply blocks, unpowered buildings, or Contaminate may cause inaccurate times.
  • Supply counts are checked every 10 seconds.